 Dungeon Crawl Stone Soup version 0.31-a0-152-g6aa68a64a1 (webtiles) character file.

Game seed: 8449526819247630939

669 comborobin the Skirmisher (level 7, -2/60 HPs)
             Began as a Deep Elf Delver on June 10, 2023.
             Was a Believer of Okawaru.
             Slain by a hound (3 damage)
             ... on level 5 of the Dungeon.
             The game lasted 00:04:56 (3362 turns).

comborobin the Skirmisher (Deep Elf Delver)         Turns: 3362, Time: 00:04:56

Health: -2/60      AC: 23    Str:  6 (9)  XL:     7   Next: 32%
Magic:  8/10       EV:  2    Int: 14 (15) God:    Okawaru [**....]
Gold:   142        SH:  0    Dex: 17 (18) Spells: 6/6 levels left

rFire   + .          .
                       - Unarmed
rCold   + . .        (no shield)
rNeg    . . .        b - melded +0 leather armour
rPois   +            i - melded +0 helmet
rElec   +            o - melded +0 cloak
rCorr   +            (gloves currently unavailable)
SInv    .            (boots currently unavailable)
Will    .....        (no amulet)
Stlth   +++++        (no ring)
HPRegen 0.30/turn    (no ring)
MPRegen 0.12/turn

%: no passive effects
@: brilliant, tree-form, resistant, heroic
A: stationary, stasis, torment immunity, boosted hp
a: Renounce Religion, Heroism


You were on level 5 of the Dungeon.
You worshipped Okawaru.
Okawaru was pleased with you.
You were a tree.
You visited 2 branches of the dungeon, and saw 7 of its levels.

You collected 142 gold pieces.

Inventory:

Hand Weapons
 a - a +0 short sword
 f - a +0 shortbow
 l - the +4 dagger "Newt's Peril" {distort, Will- Int+3 Dex+6}
   (You found it on level 3 of the Dungeon)

   Int:       It affects your intelligence (+3).
   Dex:       It affects your dexterity (+6).
   Will:      It decreases your willpower.
Missiles
 e - 9 poisoned darts
Armour
 b - a +0 leather armour (melded)
 i - a +0 helmet (melded)
 o - a +0 cloak (melded)
Wands
 g - a wand of digging (2)
 h - a wand of polymorph (3)
Scrolls
 c - 2 scrolls of fog
 m - 3 scrolls of identify {unknown}
 n - a scroll of brand weapon {unknown}
 q - a scroll of poison {unknown}
 r - a scroll of torment {unknown}
Potions
 j - a potion of degeneration


   Skills:
 - Level 2.4(7.4) Fighting
 - Level 2.0(7.0) Short Blades
 + Level 9.9(14.9) Ranged Weapons
 - Level 2.5(7.5) Dodging
 - Level 6.0(11.0) Stealth
 - Level 2.0 Invocations


You had 6 spell levels left.
You didn't know any spells.
Your spell library contained the following spells:

 Spells                   Type           Power      Damage    Failure   Level
 Freeze                   Ice            0%         1d3       28%         1
 Lesser Beckoning         Tloc           0%         N/A       41%         2
 Frozen Ramparts          Ice            0%         1d1       65%         3
 Gell's Gravitas          Tloc           0%         N/A       65%         3
 Hailstorm                Conj/Ice       0%         3d3       65%         3
 Teleport Other           Tloc           0%         N/A       65%         3
 Fireball                 Conj/Fire      0%         3d3       100%        5
 Iskenderun's Battlesphe  Conj           0%         2d6       100%        5
 Conjure Ball Lightning   Conj/Air       0%         3x3d6     100%        6
 Orb of Destruction       Conj           0%         9d5       100%        7
 Summon Guardian Golem    Hex/Summ       Unusable   N/A       N/A         3
 Spellforged Servitor     Conj/Summ      Unusable   N/A       N/A         7

Dungeon Overview and Level Annotations

Branches:
Dungeon (6/15)             Temple (1/1) D:4

Altars:
Ashenzari
Cheibriados
Elyvilon
Fedhas
Kikubaaqudgha
Makhleb
Nemelex Xobeh
Okawaru
Qazlal
Ru
Sif Muna
Trog
Uskayaw
Vehumet
Xom
Zin
The Shining One

Shops:
D:4 [=

Annotations:
D:4 2 transporters, pokeman's ghost, amateur DEHW


Message History

You feel less confused.
The ogre shouts!
You smack Ijyb!
Ijyb is moderately wounded.
The orc hits you but does no damage.
Ijyb zaps a wand.
The bolt of light hits you!
* * * LOW HITPOINT WARNING * * *
The orc hits you but does no damage.
The phantom hits you but does no damage.
You smack Ijyb!
You punch Ijyb, but do no damage.
Ijyb is severely wounded.
Ijyb hits you but does no damage.
The phantom hits you but does no damage.
The orc hits you but does no damage. x2
You smack Ijyb!
You kill Ijyb!
Okawaru accepts your kill.
You feel like a meek peon again. The orc hits you but does no damage.
The phantom hits you but does no damage.
The orc hits you but does no damage.
You closely miss the phantom.
The phantom is heavily damaged.
The orc hits you but does no damage. x2
The phantom hits you but does no damage.
The hound bites you.
* * * LOW HITPOINT WARNING * * *
Okay, then.
Okay, then.
You gain the combat prowess of a mighty hero.
The ogre hits you with a +0 giant club!
* * * LOW HITPOINT WARNING * * *
The orc hits you but does no damage. The hound bites you.
* * * LOW HITPOINT WARNING * * *
The phantom hits you but does no damage.
The orc hits you but does no damage.
It was a potion of resistance.
You feel protected. The hound bites you.
You die...

*....#.§....oO.g....!..#* #
*#..........##o.......##****
###.......####.......#,**,.
#..........####........,,,.
#........<..# #....!.##,***
#...........###......#*** *
##........)..##...#### ***
#.......oOo##...## **,,
##.......♣W....#*** ***,,,
*....#.#.h.##....,***,,,,,
##..#####..#**,*.,,,,,,,**
#...**,...# *,****,,,,***
##.,**,..##**,** *,,,,***
**,,,.###**,,,***,,,**,*
*,,*#,,**,,,***,,,,**,,
*,,,,*,,*,,,,,**,,,,,,,
*,,***,**,,,,,,*,******


You could see an ogre, a phantom, a hound and 2 orcs.

Vanquished Creatures
  Menkaure (D:4)
  A phantom (D:5)
  2 scorpions
  2 howler monkeys (D:5)
  A hound (D:4)
  Ijyb (D:5)
  2 iguanas
  11 adders
  2 worms
  3 dart slugs
  2 orcs (D:4)
  4 bats
  5 endoplasms
  2 giant cockroaches
  6 goblins
  5 hobgoblins
  3 jackals (D:1)
  8 kobolds
  4 quokkas
  5 ball pythons
  4 frilled lizards
  9 rats
83 creatures vanquished.

Vanquished Creatures (others)
  3 orcs (D:5)
3 creatures vanquished.

Grand Total: 86 creatures vanquished

Notes
Turn   | Place    | Note
-------+----------+-------------------------------------------
     0 | D:5      | comborobin the Deep Elf Delver began the quest for the Orb.
     0 | D:5      | Reached XP level 1. HP: 13/13 MP: 3/3
    37 | D:5      | Found a sacrificial altar of Ru.
    60 | D:5      | Noticed an iguana
    76 | D:4      | Found a transporter.
    99 | D:4      | Found a staircase to the Ecumenical Temple.
   106 | D:4      | Noticed an iguana
   117 | Temple   | Entered the Ecumenical Temple
   161 | Temple   | Became a worshipper of Warmaster Okawaru
   208 | D:4      | Killed an iguana
   209 | D:4      | Reached skill level 3 in Ranged Weapons
   209 | D:4      | Reached XP level 2. HP: 11/18 MP: 4/4
   209 | D:4      | Reached XP level 3. HP: 13/22 MP: 5/5
   478 | D:3      | Found a glowing silver altar of Zin.
   484 | D:3      | Reached skill level 4 in Ranged Weapons
   522 | D:3      | Found a blossoming altar of Fedhas.
   718 | D:3      | Identified the +4 dagger "Newt's Peril" {distort, Will-
                  | Int+3 Dex+6}
  1033 | D:2      | Found a hide-covered altar of Uskayaw.
  1150 | D:2      | Reached XP level 4. HP: 17/27 MP: 6/6
  1242 | D:2      | Reached skill level 5 in Ranged Weapons
  1657 | D:2      | Reached skill level 6 in Ranged Weapons
  1659 | D:2      | Reached XP level 5. HP: 31/31 MP: 7/7
  2181 | D:1      | Reached * piety under Okawaru
  2487 | D:4      | Found Xuagyuw's Antique Armour Shoppe.
  2496 | D:4      | Reached skill level 1 in Invocations
  2644 | D:4      | Noticed Menkaure
  2659 | D:4      | Killed Menkaure
  2660 | D:4      | Reached skill level 7 in Ranged Weapons
  2660 | D:4      | Reached XP level 6. HP: 31/36 MP: 9/9
  2744 | D:4      | Noticed pokeman's ghost (amateur DEHW)
  2747 | D:4      | Noticed a small abomination
  2810 | D:4      | Reached skill level 8 in Ranged Weapons
  2862 | D:4      | Found Ivisk's Jewellery Emporium.
  2926 | D:4      | Found a transporter.
  3193 | D:5      | Reached ** piety under Okawaru
  3231 | D:5      | Reached skill level 9 in Ranged Weapons
  3231 | D:5      | Reached XP level 7. HP: 40/40 MP: 10/10
  3320 | D:5      | Noticed Ijyb
  3359 | D:5      | Killed Ijyb
  3361 | D:5      | HP: 2/60 [ogre/+0 giant club (13)]
  3362 | D:5      | Slain by a hound

Illustrated notes

Levels and vault maps discovered:
D:1:      nicolae_arrival_memento_mori, layout_rooms, minmay_misc_feat_ornament
D:2:      layout_loops_cross, basic_altar, nicolae_half_adder
D:3:      layout_loops_ring, lemuel_doored_altar,
          mainiacjoe_overflow_cross_hatched, chequers_jeans,
          kennysheep_generic_room_5
D:4:      layout_rooms, minmay_temple_entry_arrows, serial_shops, shop,
          gammafunk_ghost_abyssal_escape, nicolae_take_the_stairs,
          kennysheep_opposing_triangles, uniq_menkaure
D:5:      layout_cave_pools, grunt_dithmenos_smoke, nicolae_ru_awakened_eye,
          uniq_ijyb, uniq_blork_the_orc
D:6:      layout_basic, serial_shops, shop, minmay_small_thing
Temple:   nicolae_temple_great_sept

Skill      XL: |  1  2  3  4  5  6 |
---------------+-------------------+-----
Ranged Weapons | 3 4 6 7 9 |  9.9
Invocations    | 2 |  2.0
Fighting       | |  2.4
Short Blades   | |  2.0
Dodging        | |  2.5
Stealth        | |  6.0

Action                     |  1- 3 |  4- 6 |  7- 9 || total
---------------------------+-------+-------+-------++-------
  Melee: Unarmed           |     9 |     6 |    10 ||    25
         Short sword       |     5 |       |       ||     5
         Punch             |       |       |     1 ||     1
   Fire: Shortbow          |    50 |   195 |    27 ||   272
 Invoke: Heroism           |       |       |     2 ||     2
  Evoke: Wand              |     1 |     2 |       ||     3
    Use: Scroll            |     3 |     1 |     1 ||     5
         Potion            |     1 |       |     5 ||     6
   Stab: Confused          |     1 |       |       ||     1
 Armour: Leather armour    |     8 |    40 |     5 ||    53
         Skin              |       |     1 |    41 ||    42
  Dodge: Dodged            |    13 |    62 |    16 ||    91

Table legend: (Time is in decaauts)
 A = Elapsed time spent in this place.
 B = Non-inter-level travel time spent in this place.
 C = Inter-level travel time spent in this place.
 D = Time resting spent in this place.
 E = Time spent auto-exploring this place.
 F = Levels seen in this place.
 G = Mean time per level.
                   A        B        C        D        E       F      G
               +--------+--------+--------+--------+--------+-----+--------+
         Total |   3375 |   3161 |    214 |    279 |   2188 |   7 |  482.1 |
       Dungeon |   3322 |   3108 |    214 |    279 |   2188 |   6 |  553.7 |
        Temple |     52 |     52 |      0 |      0 |      0 |   1 |   52.0 |
               +--------+--------+--------+--------+--------+-----+--------+

Top non-repeatable levels by time:
     D:2: 972 daAuts
     D:3: 788 daAuts
     D:4: 762 daAuts
     D:1: 506 daAuts
     D:5: 268 daAuts
  Temple: 52 daAuts
     D:6: 23 daAuts
